 Dungeon Crawl Stone Soup version 0.28.0-47-ge53b351184 (webtiles) character file.

Game seed: 14519084139285347999

28 NinjaNoafa the Ducker (level 2, -1/29 HPs)
             Began as a Troll Fighter on May 5, 2022.
             Slain by Sigmund
             ... wielding a +0 scythe of flaming
              (3 damage)
             ... on level 2 of the Dungeon.
             The game lasted 00:00:58 (694 turns).

NinjaNoafa the Ducker (Troll Fighter)                Turns: 694, Time: 00:00:59

Health: -1/29      AC:  4    Str: 23    XL:     2   Next: 96%
Magic:  1/1        EV:  8    Int:  4    God:
Gold:   43         SH:  0    Dex:  9    Spells: 1/1 levels left

rFire   . . .      SeeInvis .     - Unarmed
rCold   . . .      Faith    .   b - +0 kite shield
rNeg    . . .      Spirit   .   a - +0 robe
rPois   .          Reflect  .   (helmet restricted)
rElec   .          Harm     .   (no cloak)
rCorr   .          Rampage  .   (gloves unavailable)
Will    .....                   (boots unavailable)
Stlth   +.........              (no amulet)
HPRegen 0.89/turn               (no ring)
MPRegen 0.07/turn               (no ring)

@: confused, mighty
A: large, unfitting armour, claws 3, regeneration 1, shaggy fur 1, tough skin 1
a: no special abilities


You were on level 2 of the Dungeon.
You visited 1 branch of the dungeon, and saw 2 of its levels.

You collected 43 gold pieces.

Inventory:

Armour
 a - a +0 robe (worn)
 b - a +0 kite shield (worn)
Scrolls
 d - 2 scrolls of identify {unknown}
 f - a scroll of blinking {unknown}
 g - 2 scrolls of holy word {unknown}


   Skills:
 + Level 2.6 Fighting
 + Level 2.6 Dodging
 + Level 2.6 Shields
 * Level 2.6 Unarmed Combat


You had one spell level left.
You didn't know any spells.
Your spell library contained the following spells:

 Spells                   Type           Power      Damage    Failure   Level
 Ensorcelled Hibernation  Hex/Ice        0%         N/A       91%         2
 Passwall                 Tmut/Erth      0%         N/A       91%         2
 Scorch                   Fire           0%         2d5       91%         2
 Sublimation of Blood     Necr           0%         N/A       91%         2
 Inner Flame              Hex/Fire       0%         N/A       99%         3
 Mephitic Cloud           Conj/Pois/Air  0%         N/A       99%         3
 Swiftness                Air            0%         N/A       99%         3
 Petrify                  Tmut/Erth      0%         N/A       100%        4
 Irradiate                Conj/Tmut      0%         3d13      100%        5
 Orb of Destruction       Conj           0%         9d5       100%        7


Dungeon Overview and Level Annotations

Branches:
Dungeon (2/15)

Altars:

Annotations:
D:2 Sigmund


Innate Abilities, Weirdness & Mutations

You are too large for most types of armour.
You have claws for hands.
Your natural rate of healing is unusually fast.
You are covered in fur. (AC +1)
You have tough skin. (AC +1)


Message History

You resist with significant effort.
Sigmund points at you and mumbles some strange words.
You block the puff of flame.
You completely miss Sigmund.
Sigmund hits you with a +0 scythe of flaming.
Sigmund burns you.
You barely miss Sigmund.
Sigmund hits you with a +0 scythe of flaming.
Sigmund burns you.
You claw Sigmund!
Sigmund is moderately wounded.
You claw Sigmund!
Sigmund is almost dead.
Sigmund points at you and mumbles some strange words.
You are confused.
Sigmund gestures at you while chanting. The magic dart hits you.
You bump into the rock wall.
Sigmund hits you with a +0 scythe of flaming.
Sigmund burns you. Sigmund closely misses you.
Sigmund gestures at you while chanting.
You are more confused.
You're too confused to move!
Sigmund hits you from afar with a +0 scythe of flaming!
* * * LOW HITPOINT WARNING * * *
Sigmund burns you.
* * * LOW HITPOINT WARNING * * *
You bump into the rock wall.
It was a potion of heal wounds.
You feel much better. Sigmund gestures at you while chanting.
The magic dart hits you. Sigmund gestures at you while chanting.
The puff of flame hits you!
Sigmund hits you from afar with a +0 scythe of flaming.
Sigmund burns you.
Sigmund hits you with a +0 scythe of flaming!
* * * LOW HITPOINT WARNING * * *
Sigmund burns you.
You die...

######..............
######.............
#...##.......#.###.
#.#.........##.# #.
####...###.....##.###.
#.............###.....
#.###.####.##.# #.####
# #.# #.# .# # #@# .#
# # #@# .# # #.# .#
#.. #.. #..# #... ....


You could see Sigmund.

Vanquished Creatures
  2 ball pythons
  An endoplasm (D:1)
  A giant cockroach (D:1)
  3 goblins (D:1)
  4 hobgoblins (D:1)
  2 jackals (D:1)
  5 kobolds (D:1)
  2 bats (D:1)
  A frilled lizard (D:1)
  3 rats
24 creatures vanquished.

Notes
Turn   | Place    | Note
-------+----------+-------------------------------------------
     0 | D:1      | NinjaNoafa the Troll Fighter began the quest for the Orb.
     0 | D:1      | Reached XP level 1. HP: 22/22 MP: 0/0
    32 | D:1      | Reached XP level 2. HP: 29/29 MP: 1/1
   174 | D:1      | Got Xenyiraq's Incunabulum of Scorching Confrontation
   676 | D:2      | Noticed Sigmund
   689 | D:2      | HP: 1/29 [Sigmund/+0 scythe of flaming (6)]
   694 | D:2      | Slain by Sigmund

Illustrated notes

Levels and vault maps discovered:
D:1:      lightli_iron_boxes, layout_rooms, minmay_door_square
D:2:      layout_loops_ring, basic_altar, feat_on_display,
          uniq_crazy_yiuf_cottage, uniq_sigmund, uniq_robin

Action                   || total
-------------------------++-------
Melee: Unarmed           ||    71
  Use: Potion            ||     2
Armor: Robe              ||    38
Dodge: Dodged            ||    37
Block: Kite shield       ||    28
